[Event "16th Spilimbergo Open 2018"]
[Site "Spilimbergo"]
[Date "2018.08.11"]
[Round "2.5"]
[White "Santagati, Alessandro"]
[Black "Bosiocic, Marin"]
[Result "1/2-1/2"]
[ECO "B07"]
[WhiteElo "2312"]
[BlackElo "2590"]
[Annotator "RC"]
[PlyCount "99"]
[EventDate "2018.08.10"]
[EventType "swiss"]
[EventCountry "ITA"]
[SourceTitle "playchess.com"]
[Source "ChessBase"]
[SourceQuality "1"]
[TimeControl "5400+30"]

1. e4 d6 2. d4 Nf6 3. Nc3 g6 4. Bg5 c6 5. Qd2 Nbd7 6. f4 d5 7. Bxf6 Nxf6 8. e5 Nh5 9. O-O-O Bh6 10. g3 Ng7 11. Kb1 Qa5 12. h3 b5 13. Qf2 Ne6 14. h4 Nc7 15. Bh3 e6 16. Nce2 b4 17. Nc1 Bf8 18. g4 Nb5 19. Nge2 Qb6 20. f5 a5 21. fxe6 Bxe6 22. g5 Be7 23. Bxe6 fxe6 24. h5 Rf8 25. Qg3 a4 26. hxg6 hxg6 27. Rd3 a3 28. b3 c5 29. Rf3 cxd4 30. Rxf8+ Bxf8 31. Qd3 O-O-O 32. Qxg6 Kb8 33. Rh8 Rc8 34. Qd3 Qc5 35. g6 Bg7 36. Rxc8+ Kxc8 37. Qh3 Kd7 38. Nd3 Qe7 39. Nef4 Nc3+ 40. Ka1 Ne4 41. Qg4 Qe8 42. Nxd5 Qf8 43. Qxe4 Qf1+ 44. Ne1 exd5 45. Qxd5+ Ke7 46. Qd6+ Ke8 47. Qb8+ Kd7 48. Qd6+ Ke8 49. Qb8+ Kd7 50. Qd6+ 1/2-1/2

[Event "16th Spilimbergo Open 2018"]
[Site "Spilimbergo"]
[Date "2018.08.11"]
[Round "2.9"]
[White "Vezzosi, Paolo"]
[Black "Krysa, Leandro"]
[Result "1/2-1/2"]
[ECO "C96"]
[WhiteElo "2301"]
[BlackElo "2523"]
[Annotator "ChessBase"]
[PlyCount "100"]
[EventDate "2018.08.10"]
[EventType "swiss"]
[EventCountry "ITA"]
[SourceTitle "playchess.com"]
[Source "ChessBase"]
[SourceQuality "1"]
[TimeControl "5400+30"]

1. e4 e5 2. Nf3 Nc6 3. Bb5 a6 4. Ba4 Nf6 5. O-O Be7 6. Re1 b5 7. Bb3 d6 8. c3 O-O 9. h3 Na5 10. Bc2 c5 11. d4 Nd7 12. dxc5 dxc5 13. Nbd2 Bb7 14. Nf1 Nc4 15. Ng3 Nd6 16. Nh2 Re8 17. Ng4 Bf8 18. b3 Qh4 19. Be3 Rad8 20. Qc1 Qe7 21. a4 f6 22. axb5 axb5 23. h4 Ra8 24. Qd2 Rxa1 25. Rxa1 Ra8 26. Rxa8 Bxa8 27. f3 Bc6 28. Qd1 Qd8 29. Qa1 Qa8 30. Qxa8 Bxa8 31. Nf5 Ne8 32. h5 Kf7 33. Bd3 Bc6 34. c4 b4 35. Bf2 Nc7 36. Nfe3 Ne6 37. Nd5 Nf4 38. Nxf4 exf4 39. e5 Nxe5 40. Nxe5+ fxe5 41. Bxh7 Ke6 42. Bg6 e4 43. fxe4 Ke5 44. Kf1 Bxe4 45. Bxe4 Kxe4 46. Ke2 Be7 47. Bg1 Bd6 48. Bf2 Be7 49. Bg1 Bd6 50. Bf2 Be7 1/2-1/2

[Event "16th Spilimbergo Open 2018"]
[Site "Spilimbergo"]
[Date "2018.08.11"]
[Round "2.13"]
[White "Di Benedetto, Desiree"]
[Black "Lodici, Lorenzo"]
[Result "1/2-1/2"]
[ECO "D02"]
[WhiteElo "2295"]
[BlackElo "2447"]
[Annotator "NA"]
[PlyCount "115"]
[EventDate "2018.08.10"]
[EventType "swiss"]
[EventCountry "ITA"]
[SourceTitle "playchess.com"]
[Source "ChessBase"]
[SourceQuality "1"]
[TimeControl "5400+30"]

1. d4 d5 2. Bf4 Nf6 3. e3 c5 4. c3 Nc6 5. Nd2 e6 6. Ngf3 cxd4 7. exd4 Nh5 8. Bg5 f6 9. Be3 Bd6 10. g3 O-O 11. Be2 f5 12. Nb3 Nf6 13. Bf4 Bxf4 14. gxf4 Ne4 15. Qc1 Bd7 16. Qe3 Be8 17. O-O Bh5 18. Ne5 Nxe5 19. dxe5 Bxe2 20. Qxe2 Qe7 21. Nd4 a6 22. a4 Rac8 23. f3 Nc5 24. Qe3 Kh8 25. Kh1 Nd7 26. Rg1 Rc4 27. Rg2 Rfc8 28. Rag1 g6 29. Ra1 Nc5 30. a5 Nd7 31. Qf2 Nf8 32. h4 h5 33. Rg5 Kh7 34. Qg3 Re8 35. Rg1 Qf7 36. Ra1 Re7 37. Qe1 Qe8 38. b4 Rec7 39. Ne2 d4 40. cxd4 Rc2 41. Rg2 Qc6 42. Rf2 Qc4 43. Kg2 Nd7 44. Kg3 Nb8 45. Rb1 Nc6 46. d5 exd5 47. Ng1 Rxf2 48. Qxf2 Nxb4 49. Qb6 Nd3 50. Nh3 Qc6 51. Ng5+ Kh6 52. Qxc6 bxc6 53. Rb8 Re7 54. Rh8+ Kg7 55. Rh7+ Kf8 56. Rh8+ Kg7 57. Rh7+ Kf8 58. Rh8+ 1/2-1/2

[Event "16th Spilimbergo Open 2018"]
[Site "Spilimbergo"]
[Date "2018.08.11"]
[Round "2.14"]
[White "Di Benedetto, Edoardo"]
[Black "Altini, Nicola"]
[Result "0-1"]
[ECO "B31"]
[WhiteElo "2294"]
[BlackElo "2425"]
[Annotator "NA"]
[PlyCount "50"]
[EventDate "2018.08.10"]
[EventType "swiss"]
[EventCountry "ITA"]
[SourceTitle "playchess.com"]
[Source "ChessBase"]
[SourceQuality "1"]
[TimeControl "5400+30"]

1. e4 c5 2. Nf3 Nc6 3. Bb5 g6 4. c3 Bg7 5. d4 Qb6 6. Bxc6 bxc6 7. O-O Nh6 8. dxc5 Qxc5 9. Be3 Qh5 10. Bd4 f6 11. Qb3 a5 12. a4 Nf7 13. Nbd2 O-O 14. Qa3 d6 15. b4 e5 16. Bb6 f5 17. b5 c5 18. c4 Bb7 19. Qd3 Bh6 20. Rad1 Bf4 21. g3 Bh6 22. Bc7 Qh3 23. Rfe1 Bxd2 24. Nxd2 fxe4 25. Qe3 Nh6 0-1

[Event "16th Spilimbergo Open 2018"]
[Site "Spilimbergo"]
[Date "2018.08.11"]
[Round "2.15"]
[White "Aghayev, Miragha"]
[Black "Micottis, Dorian"]
[Result "1-0"]
[ECO "D72"]
[WhiteElo "2424"]
[BlackElo "2295"]
[Annotator "NA RC"]
[PlyCount "113"]
[EventDate "2018.08.10"]
[EventType "swiss"]
[EventCountry "ITA"]
[SourceTitle "playchess.com"]
[Source "ChessBase"]
[SourceQuality "1"]
[TimeControl "5400+30"]

1. d4 Nf6 2. c4 g6 3. g3 Bg7 4. Bg2 d5 5. cxd5 Nxd5 6. e4 Nb6 7. Ne2 e5 8. d5 c6 9. O-O O-O 10. Nbc3 cxd5 11. exd5 Nc4 12. b3 Nd6 13. Ba3 Re8 14. Rc1 Na6 15. h3 Rb8 16. Qd2 b5 17. Bxd6 Qxd6 18. Ne4 Qd7 19. Rc6 Bb7 20. Rd6 Qe7 21. Rd1 Nc5 22. N2c3 b4 23. Qe3 bxc3 24. Qxc5 Rbc8 25. Qe3 c2 26. Rc1 Red8 27. Rxd8+ Qxd8 28. Nc5 Bxd5 29. Rxc2 Bxg2 30. Kxg2 Qd5+ 31. Kh2 Qd4 32. Qxd4 exd4 33. Rc4 Bf8 34. Nd3 Rxc4 35. bxc4 f5 36. Kg2 Kf7 37. Kf3 Ke6 38. Ke2 Kd6 39. Kd2 Bg7 40. Kc2 Kc6 41. h4 Bf6 42. Nf4 Kc5 43. Kd3 Be7 44. Ne6+ Kb4 45. Kxd4 Ka3 46. c5 Kxa2 47. c6 Bd6 48. Kd5 Bb8 49. Nc5 f4 50. g4 f3 51. Na6 Bh2 52. Ke4 Kb3 53. Kxf3 Kc4 54. Ke4 Kb5 55. c7 Bxc7 56. Nxc7+ Kb4 57. Nd5+ 1-0

[Event "16th Spilimbergo Open 2018"]
[Site "Spilimbergo"]
[Date "2018.08.11"]
[Round "2.16"]
[White "Dappiano, Andrea"]
[Black "Mesaros, Florian"]
[Result "1/2-1/2"]
[ECO "C47"]
[WhiteElo "2285"]
[BlackElo "2422"]
[Annotator "NA RC"]
[PlyCount "78"]
[EventDate "2018.08.10"]
[EventType "swiss"]
[EventCountry "ITA"]
[SourceTitle "playchess.com"]
[Source "ChessBase"]
[SourceQuality "1"]
[TimeControl "5400+30"]

1. e4 e5 2. Nf3 Nc6 3. d4 exd4 4. Nxd4 Nf6 5. Nc3 Bb4 6. Nxc6 bxc6 7. Bd3 d5 8. exd5 cxd5 9. O-O O-O 10. h3 Re8 11. Qf3 c6 12. Bf4 Qe7 13. Rad1 Bd7 14. Ne2 Ne4 15. Ng3 f5 16. a3 Bc5 17. Be3 Bxe3 18. Qxe3 Qf6 19. Bxe4 fxe4 20. Qd4 Re5 21. f4 exf3 22. Rxf3 Re1+ 23. Rf1 Rxf1+ 24. Nxf1 Qg6 25. Rd3 Rf8 26. Qxa7 Bf5 27. Rf3 Bxc2 28. Rxf8+ Kxf8 29. Ne3 Be4 30. Qb8+ Qe8 31. Qd6+ Kg8 32. a4 Qa8 33. Qe6+ Kf8 34. Ng4 Qxa4 35. Ne5 Qa7+ 36. Kh2 Qc7 37. Kg1 Qa7+ 38. Kh2 Qc7 39. Kg1 Qa7+ 1/2-1/2

[Event "16th Spilimbergo Open 2018"]
[Site "Spilimbergo"]
[Date "2018.08.11"]
[Round "3.6"]
[White "Skoberne, Jure"]
[Black "Aghayev, Miragha"]
[Result "1/2-1/2"]
[ECO "D02"]
[WhiteElo "2575"]
[BlackElo "2424"]
[Annotator "RC"]
[PlyCount "21"]
[EventDate "2018.08.10"]
[EventType "swiss"]
[EventCountry "ITA"]
[SourceTitle "playchess.com"]
[Source "ChessBase"]
[SourceQuality "1"]
[TimeControl "5400+30"]

1. d4 Nf6 2. Nf3 e6 3. Bf4 c5 4. e3 d5 5. c3 Bd6 6. Bg3 Qc7 7. Nbd2 Nbd7 8. Bd3 O-O 9. Bxd6 Qxd6 10. O-O e5 11. dxe5 1/2-1/2

[Event "16th Spilimbergo Open 2018"]
[Site "Spilimbergo"]
[Date "2018.08.11"]
[Round "3.8"]
[White "Bosiocic, Marin"]
[Black "Collutiis, Duilio"]
[Result "*"]
[ECO "B47"]
[WhiteElo "2590"]
[BlackElo "2415"]
[Annotator "ChessBase"]
[PlyCount "111"]
[EventDate "2018.08.10"]
[EventType "swiss"]
[EventCountry "ITA"]
[SourceTitle "playchess.com"]
[Source "ChessBase"]
[SourceQuality "1"]
[TimeControl "5400+30"]

1. e4 c5 2. Nf3 e6 3. d4 cxd4 4. Nxd4 Nc6 5. Nc3 Qc7 6. Be2 a6 7. a3 b5 8. Nxc6 Qxc6 9. Bf3 Bb7 10. Be3 Ne7 11. O-O Ng6 12. Qd4 Qc7 13. a4 b4 14. Na2 Ne5 15. Nxb4 Nxf3+ 16. gxf3 Bd6 17. Nd3 O-O 18. f4 f5 19. e5 Be7 20. Qb6 Qc8 21. Bc5 Bd8 22. Qb4 Rf7 23. f3 h6 24. Kf2 Qc6 25. Ke3 Rc8 26. Ra3 g5 27. Rc3 a5 28. Qb5 Ba6 29. Qxc6 Rxc6 30. Rg1 Rg7 31. Kd2 Rc8 32. Be3 Rxc3 33. Kxc3 Bb7 34. fxg5 hxg5 35. f4 g4 36. Bf2 Rh7 37. Bg3 Bc6 38. b4 axb4+ 39. Nxb4 Ba5 40. Kb3 Bf3 41. Kc4 Kf7 42. Kb5 Bxb4 43. Kxb4 Ke7 44. a5 Rh8 45. c4 Kd8 46. a6 Kc7 47. Kc5 Ra8 48. Ra1 Bb7 49. a7 Bc6 50. Bf2 Rh8 51. Bg1 Ba8 52. Rb1 Bb7 53. Rb2 Rh3 54. Kb4 Rf3 55. Bc5 Bc6 56. Ka5 *

[Event "16th Spilimbergo Open 2018"]
[Site "Spilimbergo"]
[Date "2018.08.11"]
[Round "3.11"]
[White "Korpa, Bence"]
[Black "Santagati, Alessandro"]
[Result "1-0"]
[ECO "C00"]
[WhiteElo "2506"]
[BlackElo "2312"]
[Annotator "ChessBase"]
[PlyCount "53"]
[EventDate "2018.08.10"]
[EventType "swiss"]
[EventCountry "ITA"]
[SourceTitle "playchess.com"]
[Source "ChessBase"]
[SourceQuality "1"]
[TimeControl "5400+30"]

1. Nf3 d5 2. g3 Nf6 3. Bg2 e6 4. O-O Be7 5. d3 O-O 6. Nbd2 c5 7. e4 Nc6 8. Re1 b5 9. e5 Nd7 10. Nf1 Nb6 11. h4 f5 12. exf6 Bxf6 13. Ne3 e5 14. c4 bxc4 15. dxc4 d4 16. Nd5 Nxc4 17. Ng5 Bf5 18. Nxf6+ Rxf6 19. g4 Bg6 20. h5 Bf7 21. Qd3 e4 22. Qxe4 N4e5 23. Qxh7+ Kf8 24. Nxf7 Nxf7 25. g5 Qa5 26. b4 Qxb4 27. Ba3 1-0

[Event "16th Spilimbergo Open 2018"]
[Site "Spilimbergo"]
[Date "2018.08.11"]
[Round "3.13"]
[White "Lodici, Lorenzo"]
[Black "Dappiano, Andrea"]
[Result "1-0"]
[ECO "A40"]
[WhiteElo "2447"]
[BlackElo "2285"]
[Annotator "NA"]
[PlyCount "105"]
[EventDate "2018.08.10"]
[EventType "swiss"]
[EventCountry "ITA"]
[SourceTitle "playchess.com"]
[Source "ChessBase"]
[SourceQuality "1"]
[TimeControl "5400+30"]

1. d4 e6 2. c4 Bb4+ 3. Nd2 Nf6 4. a3 Be7 5. e4 d5 6. e5 Nfd7 7. Qg4 O-O 8. Ndf3 f5 9. Qg3 dxc4 10. Bxc4 Nb6 11. Ba2 Na6 12. Ne2 Nd5 13. Bh6 Rf7 14. Ng5 Bxg5 15. Bxg5 Qe8 16. Bxd5 exd5 17. Nf4 c6 18. O-O-O Be6 19. h4 c5 20. h5 cxd4 21. Rxd4 Nc5 22. Qe3 Rc7 23. Kb1 h6 24. Bh4 Rac8 25. Rc1 Qb5 26. Rb4 Qa6 27. f3 Bf7 28. Rd1 d4 29. Qxd4 Ne6 30. Qd3 Nxf4 31. Qxa6 bxa6 32. Rxf4 Bxh5 33. Bd8 Rc2 34. e6 Re2 35. e7 g5 36. Rb4 f4 37. Re4 Rxe4 38. fxe4 Kf7 39. Rd6 f3 40. gxf3 Kg7 41. Rf6 Bf7 42. Re6 Be8 43. Rxa6 h5 44. Ra5 Kg6 45. Rf5 Bf7 46. Rxg5+ Kh7 47. Re5 Be8 48. Rf5 h4 49. Rf8 Bg6 50. e8=Q Bxe8 51. Rxe8 h3 52. Re7+ Kg6 53. Bc7 1-0

[Event "16th Spilimbergo Open 2018"]
[Site "Spilimbergo"]
[Date "2018.08.11"]
[Round "3.16"]
[White "Rahul Srivatshav P"]
[Black "Di Benedetto, Desiree"]
[Result "1/2-1/2"]
[ECO "C00"]
[WhiteElo "2388"]
[BlackElo "2295"]
[Annotator "NA"]
[PlyCount "80"]
[EventDate "2018.08.10"]
[EventType "swiss"]
[EventCountry "ITA"]
[SourceTitle "playchess.com"]
[Source "ChessBase"]
[SourceQuality "1"]
[TimeControl "5400+30"]

1. Nf3 d5 2. g3 Nf6 3. Bg2 e6 4. O-O Be7 5. d3 c5 6. Nbd2 Nc6 7. e4 Qc7 8. Re1 b6 9. c3 Bb7 10. exd5 Nxd5 11. Nc4 O-O 12. a4 Rad8 13. Qb3 h6 14. a5 Nxa5 15. Nxa5 bxa5 16. Ne5 Nb6 17. Bxb7 Qxb7 18. Qb5 Bd6 19. Nc4 Bb8 20. Be3 Qd5 21. Nxb6 axb6 22. Qxb6 Bd6 23. Qxa5 Ra8 24. Qb5 Rab8 25. Qa6 Rfd8 26. c4 Qf5 27. Rad1 Rxb2 28. d4 cxd4 29. Rxd4 Be7 30. Qa1 Rbb8 31. Rxd8+ Rxd8 32. Qa7 Bg5 33. Bb6 Rd2 34. Qa8+ Kh7 35. h4 Bf6 36. Be3 Rd8 37. Qa7 Bxh4 38. gxh4 Qg4+ 39. Kh2 Qxh4+ 40. Kg2 Qg4+ 1/2-1/2

[Event "16th Spilimbergo Open 2018"]
[Site "Spilimbergo"]
[Date "2018.08.12"]
[Round "4.3"]
[White "Nisipeanu, Liviu-Dieter"]
[Black "Lodici, Lorenzo"]
[Result "1/2-1/2"]
[ECO "E40"]
[WhiteElo "2657"]
[BlackElo "2447"]
[Annotator "RC"]
[PlyCount "56"]
[EventDate "2018.08.10"]
[EventType "swiss"]
[EventCountry "ITA"]
[SourceTitle "playchess.com"]
[Source "ChessBase"]
[SourceQuality "1"]
[TimeControl "5400+30"]

1. c4 e6 2. Nc3 d5 3. d4 Bb4 4. e3 Nf6 5. cxd5 exd5 6. Qa4+ Nc6 7. Bd3 O-O 8. Nge2 Bd6 9. a3 a6 10. Qc2 Ne7 11. O-O b6 12. b4 Bb7 13. Rb1 Ng6 14. f3 Qe7 15. Ng3 Nh4 16. Qf2 c5 17. bxc5 bxc5 18. Nce2 Bc8 19. h3 h6 20. Nf4 Re8 21. Bd2 Bd7 22. e4 cxd4 23. Rfe1 Bxf4 24. Bxf4 Qxa3 25. Qxd4 Bxh3 26. Ra1 Qf8 27. Bf1 Be6 28. Be5 Nd7 1/2-1/2

[Event "16th Spilimbergo Open 2018"]
[Site "Spilimbergo"]
[Date "2018.08.12"]
[Round "4.5"]
[White "Karthik Venkataraman"]
[Black "Skoberne, Jure"]
[Result "1-0"]
[ECO "D15"]
[WhiteElo "2502"]
[BlackElo "2575"]
[Annotator "ChessBase"]
[PlyCount "63"]
[EventDate "2018.08.10"]
[EventType "swiss"]
[EventCountry "ITA"]
[SourceTitle "playchess.com"]
[Source "ChessBase"]
[SourceQuality "1"]
[TimeControl "5400+30"]

1. d4 d5 2. c4 c6 3. Nf3 Nf6 4. Nc3 dxc4 5. e4 b5 6. Be2 b4 7. Na4 Nxe4 8. Bxc4 e6 9. O-O Be7 10. Re1 Nf6 11. Ne5 O-O 12. Bg5 a5 13. Qb3 Qxd4 14. Rad1 Qa7 15. Qf3 Nd5 16. Bxe7 Nxe7 17. Qh5 Nd5 18. Bd3 g6 19. Qh6 f6 20. Nc4 Qg7 21. Qc1 Ra7 22. Ncb6 Qc7 23. Nxc8 Qxc8 24. Qc5 Rff7 25. Bc4 Qd7 26. Nb6 Qe7 27. Qd4 Qe8 28. Bxd5 cxd5 29. Nxd5 Qd8 30. Rxe6 Rad7 31. Rde1 Kf8 32. Qe4 1-0

[Event "16th Spilimbergo Open 2018"]
[Site "Spilimbergo"]
[Date "2018.08.12"]
[Round "4.6"]
[White "Brunello, Sabino"]
[Black "Mesaros, Florian"]
[Result "1-0"]
[ECO "C54"]
[WhiteElo "2555"]
[BlackElo "2422"]
[Annotator "ChessBase"]
[PlyCount "97"]
[EventDate "2018.08.10"]
[EventType "swiss"]
[EventCountry "ITA"]
[SourceTitle "playchess.com"]
[Source "ChessBase"]
[SourceQuality "1"]
[TimeControl "5400+30"]

1. e4 e5 2. Nf3 Nc6 3. Bc4 Bc5 4. O-O Nf6 5. d3 d6 6. c3 a6 7. a4 Ba7 8. h3 O-O 9. Re1 Ne7 10. Nbd2 Ng6 11. Nf1 Re8 12. Ng3 Be6 13. Bxe6 Rxe6 14. d4 d5 15. exd5 Qxd5 16. dxe5 Qxd1 17. Rxd1 Nxe5 18. Nxe5 Rxe5 19. Bf4 Re7 20. Rd2 c6 21. Bg5 Re6 22. Bxf6 Rxf6 23. Re1 Kf8 24. Kf1 b5 25. a5 Re8 26. Rxe8+ Kxe8 27. Ne4 Re6 28. Nd6+ Kf8 29. Nf5 g6 30. Rd8+ Re8 31. Rxe8+ Kxe8 32. Nd6+ Kf8 33. Ke2 f5 34. b4 h6 35. Ke1 Bb8 36. Nb7 Ke7 37. Nc5 Ba7 38. Nxa6 Kd7 39. Ke2 Kc8 40. Nc5 Bxc5 41. bxc5 Kb7 42. Kd3 Ka6 43. Kd4 Kxa5 44. Ke5 b4 45. cxb4+ Kxb4 46. Kd6 Kb5 47. f4 g5 48. g3 h5 49. fxg5 1-0

[Event "16th Spilimbergo Open 2018"]
[Site "Spilimbergo"]
[Date "2018.08.12"]
[Round "4.7"]
[White "Sonis, Francesco"]
[Black "Krysa, Leandro"]
[Result "1/2-1/2"]
[ECO "E08"]
[WhiteElo "2468"]
[BlackElo "2523"]
[Annotator "ChessBase"]
[PlyCount "66"]
[EventDate "2018.08.10"]
[EventType "swiss"]
[EventCountry "ITA"]
[SourceTitle "playchess.com"]
[Source "ChessBase"]
[SourceQuality "1"]
[TimeControl "5400+30"]

1. Nf3 d5 2. d4 Nf6 3. c4 e6 4. g3 Bb4+ 5. Bd2 Be7 6. Bg2 O-O 7. Qc2 Nbd7 8. O-O c6 9. Bf4 b6 10. Rd1 Ba6 11. Nbd2 Nh5 12. Be3 Rc8 13. Ne5 Nhf6 14. Ndf3 Ne4 15. cxd5 cxd5 16. Qa4 Nb8 17. Rdc1 b5 18. Qd1 b4 19. Nd3 Qa5 20. Rxc8 Rxc8 21. Rc1 Qxa2 22. Nfe5 Qa5 23. Bh3 Qb5 24. Rxc8+ Bxc8 25. Qc2 Nd6 26. Bf4 b3 27. Qc1 Nc4 28. Nxc4 dxc4 29. Bxb8 Ba6 30. Bxa7 cxd3 31. exd3 Qxd3 32. Bc5 Bg5 33. Qf1 h5 1/2-1/2

[Event "16th Spilimbergo Open 2018"]
[Site "Spilimbergo"]
[Date "2018.08.12"]
[Round "4.8"]
[White "Rombaldoni, Denis"]
[Black "Solomon, Kenny"]
[Result "1/2-1/2"]
[ECO "D00"]
[WhiteElo "2508"]
[BlackElo "2395"]
[Annotator "ChessBase"]
[PlyCount "69"]
[EventDate "2018.08.10"]
[EventType "swiss"]
[EventCountry "ITA"]
[SourceTitle "playchess.com"]
[Source "ChessBase"]
[SourceQuality "1"]
[TimeControl "5400+30"]

1. d4 Nf6 2. Nc3 d5 3. Bf4 e6 4. Nb5 Na6 5. e3 Be7 6. Nf3 O-O 7. Ne5 Ne4 8. f3 Nd6 9. Qd2 c5 10. Nxd6 Bxd6 11. Bxa6 bxa6 12. O-O cxd4 13. exd4 Qb6 14. c3 f6 15. Nd3 e5 16. Be3 Qc6 17. dxe5 fxe5 18. f4 d4 19. cxd4 exd4 20. Bxd4 Qd5 21. Bc3 Bb7 22. Ne5 Bc5+ 23. Kh1 Qxd2 24. Bxd2 Rad8 25. Rad1 Rd5 26. Bc1 Bb6 27. Nc4 Rc8 28. b3 Rxd1 29. Rxd1 Re8 30. Nd6 Rd8 31. Bb2 Bc5 32. Be5 Bxd6 33. Rxd6 Rxd6 34. Bxd6 a5 35. Bc5 1/2-1/2

[Event "16th Spilimbergo Open 2018"]
[Site "Spilimbergo"]
[Date "2018.08.12"]
[Round "4.9"]
[White "Aghayev, Miragha"]
[Black "Korpa, Bence"]
[Result "1/2-1/2"]
[ECO "D41"]
[WhiteElo "2424"]
[BlackElo "2506"]
[Annotator "ChessBase"]
[PlyCount "86"]
[EventDate "2018.08.10"]
[EventType "swiss"]
[EventCountry "ITA"]
[SourceTitle "playchess.com"]
[Source "ChessBase"]
[SourceQuality "1"]
[TimeControl "5400+30"]

1. d4 Nf6 2. c4 e6 3. Nf3 d5 4. Nc3 c5 5. cxd5 Nxd5 6. g3 Nxc3 7. bxc3 cxd4 8. cxd4 Bb4+ 9. Bd2 Bxd2+ 10. Qxd2 b6 11. Bg2 Bb7 12. O-O O-O 13. a4 a5 14. Rfc1 Nd7 15. Ne5 Bxg2 16. Nxd7 Qxd7 17. Kxg2 Rfd8 18. Rd1 Rac8 19. Qd3 Rc6 20. Rab1 Rd6 21. Qb3 Qb7+ 22. d5 g6 23. e3 h5 24. h4 Qa8 25. Kg1 Rxd5 26. Rxd5 Qxd5 27. Qxb6 Rc8 28. Qb5 Qd2 29. Kg2 Qc2 30. Kg1 Kh7 31. Rf1 Rc5 32. Qd7 Rf5 33. Qd4 Qc5 34. Rd1 Qc2 35. Rf1 e5 36. Qd1 Qc4 37. Qa1 Qc2 38. Qd1 Qc4 39. Qa1 e4 40. Rb1 Qe2 41. Rb2 Qf3 42. Rd2 g5 43. Qd1 Qxd1+ 1/2-1/2

[Event "16th Spilimbergo Open 2018"]
[Site "Spilimbergo"]
[Date "2018.08.12"]
[Round "4.10"]
[White "Basso, Pier Luigi"]
[Black "Loiacono, Leonardo"]
[Result "1-0"]
[ECO "D41"]
[WhiteElo "2494"]
[BlackElo "2303"]
[Annotator "ChessBase"]
[PlyCount "71"]
[EventDate "2018.08.10"]
[EventType "swiss"]
[EventCountry "ITA"]
[SourceTitle "playchess.com"]
[Source "ChessBase"]
[SourceQuality "1"]
[TimeControl "5400+30"]

1. d4 Nf6 2. c4 e6 3. Nf3 d5 4. Nc3 c5 5. cxd5 Nxd5 6. e4 Nxc3 7. bxc3 cxd4 8. cxd4 Bb4+ 9. Bd2 Bxd2+ 10. Qxd2 O-O 11. Bc4 Nd7 12. O-O b6 13. Rad1 Bb7 14. Rfe1 Rc8 15. Bb3 Re8 16. h3 h6 17. Re3 Nf6 18. Qe2 Rc7 19. Ne5 Qa8 20. f3 Rd8 21. Qe1 Nd7 22. Ng4 Kh7 23. d5 Nf8 24. d6 Rc5 25. e5 Ng6 26. Nf2 Nf4 27. Nd3 Nxd3 28. Rdxd3 Bd5 29. Kh2 Qc6 30. Qh4 Rd7 31. Bxd5 exd5 32. f4 Rc1 33. Re1 Rc3 34. Qg3 Rc2 35. a3 Rd8 36. f5 1-0

[Event "16th Spilimbergo Open 2018"]
[Site "Spilimbergo"]
[Date "2018.08.12"]
[Round "4.11"]
[White "Morozov, Nichita"]
[Black "Mufic, Goran"]
[Result "1-0"]
[ECO "E08"]
[WhiteElo "2438"]
[BlackElo "2299"]
[Annotator "NA"]
[PlyCount "69"]
[EventDate "2018.08.10"]
[EventType "swiss"]
[EventCountry "ITA"]
[SourceTitle "playchess.com"]
[Source "ChessBase"]
[SourceQuality "1"]
[TimeControl "5400+30"]

1. Nf3 d5 2. c4 e6 3. g3 Nf6 4. Bg2 c6 5. Qc2 Nbd7 6. d4 Be7 7. O-O O-O 8. Rd1 b6 9. b3 Bb7 10. Nc3 a5 11. e4 a4 12. bxa4 Nxe4 13. Nxe4 dxe4 14. Qxe4 Rxa4 15. Qc2 Qa8 16. c5 Rd8 17. cxb6 Ra6 18. Bg5 Bxg5 19. Nxg5 Nf6 20. Ne4 Nxe4 21. Bxe4 Rxb6 22. Bxh7+ Kh8 23. Be4 Rb4 24. Qc5 Rb5 25. Qe7 Kg8 26. a4 Ra5 27. Rdb1 Ba6 28. Qc7 Bb5 29. Rb4 g6 30. h4 Ra7 31. Qe5 Bxa4 32. h5 Bb5 33. Rxa7 Qxa7 34. Qf6 Qa1+ 35. Kh2 1-0

[Event "16th Spilimbergo Open 2018"]
[Site "Spilimbergo"]
[Date "2018.08.12"]
[Round "4.12"]
[White "Di Benedetto, Desiree"]
[Black "Altini, Nicola"]
[Result "1/2-1/2"]
[ECO "D02"]
[WhiteElo "2295"]
[BlackElo "2425"]
[Annotator "NA"]
[PlyCount "107"]
[EventDate "2018.08.10"]
[EventType "swiss"]
[EventCountry "ITA"]
[SourceTitle "playchess.com"]
[Source "ChessBase"]
[SourceQuality "1"]
[TimeControl "5400+30"]

1. d4 d5 2. Bf4 Nf6 3. e3 g6 4. Nf3 Bg7 5. Be2 O-O 6. O-O c5 7. c3 Nc6 8. Ne5 Qb6 9. Qb3 c4 10. Qxb6 axb6 11. Nd2 b5 12. a3 h6 13. h3 g5 14. Bh2 Bf5 15. g4 Bh7 16. f4 Ne4 17. Nxe4 Bxe4 18. Nd7 Rfe8 19. Nc5 e6 20. Nxe4 dxe4 21. fxg5 hxg5 22. a4 Rxa4 23. Rxa4 bxa4 24. Bxc4 Ne7 25. Bb5 Ra8 26. c4 f5 27. Bd6 Nc8 28. Bc5 b6 29. Ba3 f4 30. exf4 Bxd4+ 31. Kg2 Bc5 32. Bd7 gxf4 33. Bxe6+ Kg7 34. Bd5 f3+ 35. Kg3 Ra5 36. Bxe4 f2 37. Bxc5 Rxc5 38. Bd3 Nd6 39. Rxf2 Nxc4 40. Bxc4 Rxc4 41. h4 b5 42. h5 b4 43. Kh4 a3 44. bxa3 bxa3 45. Rd2 Ra4 46. Rd7+ Kg8 47. Rd8+ Kf7 48. Rd7+ Ke6 49. Rd1 a2 50. Ra1 Kf6 51. Rf1+ Kg7 52. Ra1 Kh6 53. Kg3 Kg5 54. Kf3 1/2-1/2

[Event "16th Spilimbergo Open 2018"]
[Site "Spilimbergo"]
[Date "2018.08.12"]
[Round "4.13"]
[White "Collutiis, Duilio"]
[Black "Micottis, Dorian"]
[Result "1-0"]
[ECO "B13"]
[WhiteElo "2415"]
[BlackElo "2295"]
[Annotator "NA"]
[PlyCount "81"]
[EventDate "2018.08.10"]
[EventType "swiss"]
[EventCountry "ITA"]
[SourceTitle "playchess.com"]
[Source "ChessBase"]
[SourceQuality "1"]
[TimeControl "5400+30"]

1. e4 c6 2. d4 d5 3. exd5 cxd5 4. Bd3 Nc6 5. c3 Qc7 6. h3 Nf6 7. Nf3 g6 8. Qb3 Bg7 9. Bg5 O-O 10. O-O Rd8 11. Qc2 Be6 12. Nbd2 Rac8 13. a3 Qd7 14. Rfe1 Bf5 15. Ne5 Nxe5 16. dxe5 Ne8 17. Bxf5 gxf5 18. Nf3 h6 19. Bh4 d4 20. Rad1 d3 21. Qb1 Rc5 22. Re3 Rd5 23. c4 f4 24. cxd5 fxe3 25. Qxd3 exf2+ 26. Kxf2 Rc8 27. Kg1 b6 28. Kh1 Kf8 29. Qe4 b5 30. Nd4 Rc5 31. Nf5 Rc4 32. Bxe7+ Kg8 33. e6 fxe6 34. Qxe6+ Qxe6 35. dxe6 Be5 36. g4 Rc8 37. Rd7 Nf6 38. Nxh6+ Kg7 39. Nf5+ Kg6 40. Bxf6 Kxf6 41. e7 1-0

[Event "16th Spilimbergo Open 2018"]
[Site "Spilimbergo"]
[Date "2018.08.12"]
[Round "4.14"]
[White "Di Benedetto, Edoardo"]
[Black "Krishna C R G"]
[Result "0-1"]
[ECO "C41"]
[WhiteElo "2294"]
[BlackElo "2402"]
[Annotator "NA"]
[PlyCount "70"]
[EventDate "2018.08.10"]
[EventType "swiss"]
[EventCountry "ITA"]
[SourceTitle "playchess.com"]
[Source "ChessBase"]
[SourceQuality "1"]
[TimeControl "5400+30"]

1. e4 d6 2. d4 Nf6 3. Nc3 Nbd7 4. Nf3 e5 5. Be2 Be7 6. O-O c6 7. h3 h6 8. Nh4 O-O 9. Nf5 Re8 10. Nxe7+ Qxe7 11. d5 c5 12. a4 Nf8 13. Be3 Bd7 14. a5 Ng6 15. Qd2 Nh7 16. b4 cxb4 17. Nb5 Nf4 18. Bxf4 exf4 19. Nc7 Bxh3 20. Nxa8 Bxg2 21. Kxg2 Qg5+ 22. Kh3 Qf6 23. Qd3 Rxe4 24. Rg1 Rd4 25. Qf3 Ng5+ 26. Rxg5 hxg5 27. Rd1 Rxd1 28. Bxd1 Qd8 29. Qe4 Qxa8 30. Qxb4 Qc8+ 31. Kg2 Qc7 32. Qa4 g6 33. a6 bxa6 34. Qxa6 f5 35. c4 g4 0-1